 Dungeon Crawl Stone Soup version 0.28.0-1-gb440e238dd (webtiles) character file.

Game seed: 2409175139104960453

716 Armakuni the Skirmisher (level 7, -2/44 HPs)
             Began as a Deep Elf Artificer on Feb 19, 2022.
             Killed by divine providence
             ... invoked by an orc priest
              (15 damage)
             ... on level 4 of the Dungeon.
             The game lasted 00:08:46 (3211 turns).

Armakuni the Skirmisher (Deep Elf Artificer)        Turns: 3211, Time: 00:08:47

Health: -2/44      AC:  6    Str: 15    XL:     7   Next: 41%
Magic:  9/9        EV: 15    Int: 15    God:
Gold:   160        SH:  0    Dex: 19    Spells: 6/6 levels left

rFire   . . .      SeeInvis +   a - +7 war axe of Anguish {flame, rN+ Will+ Int-5 SInv}
rCold   . . .      Faith    .   (no shield)
rNeg    + . .      Spirit   .   j - +4 robe of Augmentation {Str+4 Int+4 Dex+4}
rPois   .          Reflect  .   (no helmet)
rElec   .          Harm     .   (no cloak)
rCorr   .          Rampage  .   (no gloves)
Will    +....                   (no boots)
Stlth   ++........              R - amulet of regeneration
HPRegen 0.94/turn               (no ring)
MPRegen 0.11/turn               (no ring)

@: no status effects
A: no striking features
a: no special abilities


You were on level 4 of the Dungeon.
You visited 1 branch of the dungeon, and saw 4 of its levels.

You collected 160 gold pieces.

Inventory:

Hand Weapons
 a - the +7 war axe of Anguish (weapon) {flame, rN+ Will+ Int-5 SInv}
   (You found it on level 3 of the Dungeon)

   It burns those it strikes, dealing additional fire damage.
   Big, fiery blades are also staple armaments of hydra-hunters.
   Int:       It affects your intelligence (-5).
   rN:        It protects you from negative energy.
   SInv:      It lets you see invisible.
   Will:      It increases your willpower.
 b - a +1 quarterstaff
Armour
 j - the +4 robe of Augmentation (worn) {Str+4 Int+4 Dex+4}
   (You found it on level 2 of the Dungeon)

   Str:       It affects your strength (+4).
   Int:       It affects your intelligence (+4).
   Dex:       It affects your dexterity (+4).
Jewellery
 R - an amulet of regeneration (around neck)
Wands
 c - a wand of flame (11)
 d - a wand of charming (17) (quivered)
Scrolls
 f - a scroll of amnesia
 i - a scroll of fear
 l - a scroll of noise {unknown}
 m - a scroll of magic mapping
 p - a scroll of blinking {unknown}
Potions
 g - 2 potions of might
 h - 2 potions of flight
 k - 2 potions of heal wounds {unknown}
 n - a potion of mutation {unknown}
 o - a potion of curing {unknown}
 q - a potion of berserk rage {unknown}
 r - a potion of attraction {unknown}
Miscellaneous
 e - a piece from Xom's chessboard (15/15)


   Skills:
 + Level 5.5 Fighting
 + Level 2.4 Armour
 - Level 5.0 Dodging
 - Level 1.2 Stealth
 - Level 3.2 Evocations


You had 6 spell levels left.
You didn't know any spells.
Your spell library contained the following spells:

 Spells                   Type           Power      Damage    Failure   Level
 Conjure Flame            Conj/Fire      0%         6-21      63%         3
 Mephitic Cloud           Conj/Pois/Air  0%         N/A       63%         3
 Olgreb's Toxic Radiance  Pois           0%         N/A       95%         4
 Fireball                 Conj/Fire      0%         3d3       100%        5


Dungeon Overview and Level Annotations

Branches:
Dungeon (4/15)
 Temple: D:4-7

Altars:
Yredelemnul

Shops:
D:2 *   D:3 [


Message History

You kill the orc!
A dart slug comes into view.
Okay, then.
Unknown command.
The orc priest shouts!
You hear a shout!
The orc hits you with a +0 falchion. The orc priest barely misses you.
Things that are here:
a +0 hand axe; an orc corpse You slash the orc!
You burn the orc.
You kill the orc!
The orc priest barely misses you.
Okay, then.
An orc priest comes into view. It is wielding a +0 dagger.
The orc priest hits you with a +0 trident.
You see here a +0 falchion.
You slash the orc priest! You burn the orc priest.
The orc priest is heavily wounded.
The orc priest hits you with a +0 trident. x2
You barely miss the orc priest.
The orc priest is heavily wounded.
A kobold comes into view. It is wielding a +0 dagger.
The orc priest looks satisfied for a moment.
The orc priest misses you.
You completely miss the orc priest.
The orc priest is heavily wounded.
The orc priest hits you but does no damage.
The orc priest misses you.
Okay, then.
You slash the orc priest! You burn the orc priest.
You kill the orc priest!
The orc priest calls down the wrath of Beogh upon you.
Beogh smites you! The quokka skeleton barely misses you.
Things that are here:
a +0 hand axe; an orc corpse The orc priest invokes the aid of Beogh against you.
Beogh smites you!
* * * LOW HITPOINT WARNING * * *
The orc priest invokes the aid of Beogh against you.
Beogh smites you!
You die...

*,*
#K.,,,,,,***,,**
*,*
#w#***,,,,,,,,,,
*,* #.#
*,******,,, *,*
#o# *,* **,* *,*
#)# *,* *,* *,*
#o# *,*******,*
#,*##.#
*,,,,,,,,,,
#.##Z.#
*********,,
#..@..# #..
####..# #.. #..#
#.. #..# #.. #..#
#.. #..# #..
#..######## #..
#.).......#####..
#.#######.....<..


You could see an orc priest and a quokka skeleton.

Vanquished Creatures
  A black bear (D:4)
  An ogre (D:4)
  A scorpion (D:4)
  A water moccasin skeleton (D:3)
  A bullfrog zombie (D:3)
  2 orc priests
  A hound (D:2)
  An iguana (D:4)
  2 orc wizards (D:3)
  Robin (D:3)
  5 adders
  An ufetubus (D:4)
  2 worms
  5 dart slugs
  7 orcs
  3 endoplasms
  6 giant cockroaches
  10 goblins
  6 hobgoblins
  2 jackals (D:2)
  3 quokkas
  5 ball pythons
  7 bats
  3 frilled lizards
  5 kobolds
  6 rats
88 creatures vanquished.

Vanquished Creatures (collateral kills)
  A necrophage (D:4)
  A dart slug (D:2)
  A giant cockroach (D:1)
  2 hobgoblins (D:1)
  A kobold (D:1)
6 creatures vanquished.

Grand Total: 94 creatures vanquished

Notes
Turn   | Place    | Note
-------+----------+-------------------------------------------
     0 | D:1      | Armakuni the Deep Elf Artificer began the quest for the
                  | Orb.
     0 | D:1      | Reached XP level 1. HP: 11/11 MP: 3/3
    44 | D:1      | Reached skill level 1 in Fighting
    54 | D:1      | Found a faded altar of an unknown god.
   244 | D:1      | Reached XP level 2. HP: 7/17 MP: 4/4
   728 | D:1      | Reached XP level 3. HP: 17/22 MP: 5/5
  1044 | D:2      | Reached XP level 4. HP: 22/28 MP: 6/6
  1456 | D:2      | Found the +4 robe of Augmentation {Str+4 Int+4 Dex+4}
  1543 | D:2      | Found Docweum's Assorted Antiques.
  2203 | D:3      | Reached XP level 5. HP: 25/33 MP: 7/7
  2341 | D:3      | Found a basalt altar of Yredelemnul.
  2384 | D:3      | Found Soweehan's Antique Armour Boutique.
  2389 | D:3      | Identified the +7 war axe of Anguish {flame, rN+ Will+
                  | Int-5 SInv}
  2607 | D:3      | Got Tetyageck's Handbook of Noxious Ignition
  2634 | D:3      | Reached XP level 6. HP: 38/38 MP: 8/8
  2778 | D:3      | Noticed Robin
  2781 | D:3      | Killed Robin
  2979 | D:4      | Reached skill level 5 in Dodging
  2994 | D:4      | Reached skill level 5 in Fighting
  2994 | D:4      | Reached skill level 1 in Armour
  3042 | D:4      | Reached XP level 7. HP: 39/44 MP: 9/9
  3211 | D:4      | Killed from afar by an orc priest

Illustrated notes

Levels and vault maps discovered:
D:1:      onia_arrival_mini_spirals, layout_rooms,
          hellmonk_ecumenical_altar_lost_god, hangedman_decor_points
D:2:      layout_basic, serial_shops, shop, serial_bayou_pond_d
D:3:      layout_loops_cross, lemuel_crystal_altar, serial_shops, shop_statue,
          kennysheep_small_spiral, uniq_robin
D:4:      cheibrodos_greedy_goblins, layout_loops_ring,
          fedhas_altar_decomposition, minmay_mini_jars, uniq_natasha

Skill      XL: |  1  2  3  4  5  6  7 |
---------------+----------------------+-----
Fighting       | 1 2 3 4 5 |  5.5
Dodging        | 3 4 5 |  5.0
Armour         | 1 2 |  2.4
Stealth        | |  1.2
Evocations     | |  3.2

Action                   |  1- 3 |  4- 6 |  7- 9 || total
-------------------------+-------+-------+-------++-------
Melee: Club              |    14 |       |       ||    14
       Whip              |     5 |       |       ||     5
       Hand axe          |    48 |    57 |       ||   105
       Punch             |     1 |     1 |       ||     2
       War axe           |       |    47 |    20 ||    67
Evoke: Piece from Xom's  |     2 |     4 |       ||     6
       Wand              |     1 |     9 |       ||    10
  Use: Scroll            |       |     4 |     3 ||     7
       Potion            |       |     1 |       ||     1
 Stab: Sleeping          |     5 |     6 |     2 ||    13
       Paralysed         |       |     6 |       ||     6
       Distracted        |       |     2 |       ||     2
Armor: Leather armour    |    18 |     6 |       ||    24
       Robe              |       |    25 |    10 ||    35
Dodge: Dodged            |    50 |    69 |    29 ||   148
